 Dungeon Crawl Stone Soup version 0.23.2-1-ga50397a (webtiles) character file.

Game seed: 1898909138451899293

178 Fang the Skirmisher (level 5, -1/34 HPs)
             Began as a Gargoyle Berserker on Apr 25, 2019.
             Was a Believer of Trog.
             Hit by a tomahawk thrown by an orc (2 damage)
             ... on level 4 of the Dungeon.
             The game lasted 00:03:33 (1907 turns).

Fang the Skirmisher (Gargoyle Berserker)            Turns: 1907, Time: 00:03:34

Health: -1/34      AC:  7    Str: 21    XL:     5   Next: 58%
Magic:  5/5        EV: 12    Int:  8    God:    Trog [**....]
Gold:   142        SH:  2    Dex:  9    Spells: 4/4 levels left

rFire    . . .     SeeInvis .   a - +0 hand axe
rCold    . . .     Gourm    .   (no shield)
rNeg     + . .     Faith    .   b - +0 animal skin
rPois    ∞         Spirit   .   n - +1 hat
rElec    +         Reflect  +   (no cloak)
rCorr    .         Harm     .   (no gloves)
MR       .....                  (no boots)
Stlth    +.........             p - +2 amulet of reflection
HPRegen  0.11/turn              (no ring)
MPRegen  0.09/turn              (no ring)

@: berserk cooldown, slowed, very slow
A: negative energy resistance 1, electricity resistance, unbreathing,
petrification resistance, rot immunity, AC +4
a: Berserk, Trog's Hand, Renounce Religion


You were on level 4 of the Dungeon.
You worshipped Trog.
Trog was pleased with you.
You were very hungry.

You visited 1 branch of the dungeon, and saw 4 of its levels.

You collected 142 gold pieces.

Inventory:

Hand Weapons
 a - a +0 hand axe (weapon)
Armour
 b - a +0 animal skin (worn)
 n - a +1 hat (worn)
Jewellery
 m - an uncursed amulet of the acrobat
 p - a +2 amulet of reflection (around neck)
Wands
 k - a wand of digging (4)
Scrolls
 d - a scroll of blinking {unknown}
 g - 5 scrolls of identify {unknown}
 j - 2 scrolls of teleportation {unknown}
 q - a scroll of enchant armour {unknown}
 s - 2 scrolls of remove curse {unknown}
 t - a scroll of magic mapping {unknown}
Potions
 e - a potion of brilliance {unknown}
 h - 3 potions of degeneration {unknown}
 i - a potion of magic {unknown}
 l - a potion of mutation {unknown}
 o - a potion of haste {unknown}
 r - a potion of resistance {unknown}
Comestibles
 c - 6 rations
 f - 3 chunks of flesh


   Skills:
 + Level 4.3 Fighting
 + Level 3.6 Axes
 + Level 3.5 Armour
 + Level 2.6 Dodging


You had 4 spell levels left.
You didn't know any spells.
Your spell library was empty.

Dungeon Overview and Level Annotations

Branches:
Dungeon (4/15)
 Temple: D:4-7

Altars:


Innate Abilities, Weirdness & Mutations

You are resistant to torment.
Your stone body is resilient. (AC +4)
You are immune to poison.
You resist negative energy. (rN+)
You are resistant to electric shocks. (rElec)
You can survive without breathing.
You are immune to petrification.
You are immune to rotting.


Message History

The orc shouts!
You feel your anger nearly subside.
You are no longer berserk.
You are exhausted.
You feel yourself slow down.
An orc comes into view. It is wielding a +0 club.
The leopard gecko barely misses you.
An orc comes into view. It is wielding a +0 dagger.
An orc wizard comes into view. It is wielding a +0 dagger.
An orc comes into view. It is wielding a +0 hand axe.
The orc shouts!
The leopard gecko misses you. The leopard gecko barely misses you.
The orc shouts!
The orc wizard shouts!
You hear a shout! x2
The orc throws a tomahawk.
The tomahawk barely misses you.
The orc wizard gestures wildly while chanting.
The orc wizard flickers and vanishes!
Deactivating autopickup; reactivate with Ctrl-A.
An orc comes into view. It is wielding a +0 flail.
The orc throws a tomahawk.
The tomahawk hits you.
You die...

#.#####
#.....###
..o....#
......## #.....#
### #.....####.#
#.......#.##
#..l@†...<.#
#..o......##
#......(....#
.....###.##...#
....o....##....#
......##..
...##.. ..o...
#.# .... ...
..{o.. ## #....
...


You could see 5 orcs and a leopard gecko.

Vanquished Creatures
  An iguana (D:4)
  Terence (D:2)
  Robin (D:2)
  2 adders (D:2)
  3 oozes
  6 dart slugs
  2 leopard geckos
  6 orcs (D:3)
  2 giant cockroaches (D:3)
  11 goblins
  7 hobgoblins
  2 jackals (D:2)
  4 kobolds
  3 quokkas
  2 ball pythons (D:2)
  9 bats
  2 frilled lizards (D:2)
  4 rats
68 creatures vanquished.

Notes
Turn   | Place    | Note
-------+----------+-------------------------------------------
     0 | D:1      | Fang the Gargoyle Berserker began the quest for the Orb.
     0 | D:1      | Reached XP level 1. HP: 14/14 MP: 1/1
    92 | D:1      | You fall through a shaft!
    98 | D:2      | Reached XP level 2. HP: 17/19 MP: 2/2
   172 | D:2      | Reached XP level 3. HP: 18/23 MP: 3/3
   323 | D:2      | Noticed Robin
   357 | D:2      | Killed Robin
   357 | D:2      | Reached XP level 4. HP: 17/29 MP: 4/4
   367 | D:2      | Reached ** piety under Trog
   697 | D:2      | Noticed Terence
   717 | D:2      | Killed Terence
   717 | D:2      | Reached skill level 4 in Fighting
  1153 | D:1      | Reached XP level 5. HP: 28/33 MP: 5/5
  1896 | D:4      | HP: 1/49 [iguana (9)]
  1907 | D:4      | Hit by a tomahawk thrown by an orc

Skill      XL: |  1  2  3  4 |
---------------+-------------+-----
Axes           | 3 |  3.6
Dodging        | 2 |  2.6
Armour         | 3 |  3.5
Fighting       | 4 |  4.3

Action                   |  1- 3 |  4- 6 || total
-------------------------+-------+-------++-------
Melee: Hand axe          |    90 |   166 ||   256
Invok: Berserk           |     1 |     2 ||     3
  Eat: Chunk             |       |     5 ||     5
Armor: Animal skin       |    24 |    66 ||    90
Dodge: Dodged            |    55 |   126 ||   181
Block: Other             |       |     5 ||     5
